cohdb
Replays
Latest Replays
All Replays
Popular Replays
Top Player Replays
Match Explorer
How It Works
Community
CoH3 Stats
Reddit
Sign in to upload your games and track your stats! →
Sign in with Steam
Match 42782992
Unlisted
Match 42782992
Overview
Messages
Build Orders
End
Panzergrenadier Squad
Kradschützen Motorcycle Team
Kradschützen Motorcycle Team
Construct Light Support Kompanie
MG34 Team
Fire Support Elements
le.IG 18 Support Gun Team
Selects Italian Infantry
Selects Guastatori Squad
Guastatori Squad
Flakvierling Half-track
Guastatori Squad
Forward Retreat Point
Guastatori Squad
Selects Defensive Operations
Selects Territory Booby Traps
2.5-tonne Medical Truck
Construct Panzerarmee Kommand
Walking Stuka Rocket Launcher
Selects Registered Artillery
Registered Artillery
Registered Artillery
Pak 38 Mechanized Group
Registered Artillery
Walking Stuka Rocket Launcher
Selects Obice 305mm Barrage
Obice 305mm Barrage
Obice 305mm Barrage
Pak 38 Mechanized Group
Obice 305mm Barrage
Selects Towed Cannone da 105/28 Field Howitzer
Armored Reserves
Tiger Heavy Tank
Forward Retreat Point
Rapid Advance
Tungsten Core Ammunition
Walking Stuka Rocket Launcher
Vehicle Survival Package
Advanced Optics
Obice 305mm Barrage
Guastatori Squad
|-J5D-| MAREK POLSKA
Papa Shango
Husar
SIEPACZ
Unusualsoupcan
十三将士归玉门
Хтонь
hurtain10
0
0
Comments
sign in to comment!
No comments posted yet!